 Dungeon Crawl Stone Soup version 0.32-a0-30-gefbe487952 (webtiles) character file.

Game seed: 15136064926316908203

21 p00ps00p the Trooper (level 2, -2/27 HPs)
             Began as a Hill Orc Fighter on Jan 19, 2024.
             Killed from afar by Natasha (4 damage)
             ... with a magic dart
             ... on level 2 of the Dungeon.
             The game lasted 00:00:46 (924 turns).

p00ps00p the Trooper (Hill Orc Fighter)              Turns: 924, Time: 00:00:46

Health: -2/27      AC:  6    Str: 18    XL:     2   Next: 83%
Magic:  2/2        EV:  9    Int:  8    God:
Gold:   55         SH:  4    Dex: 10    Spells: 1/1 levels left

rFire   . . .        a - +0 war axe
rCold   . . .        c - +0 buckler
rNeg    . . .        b - +0 scale mail
rPois   .            (no helmet)
rElec   .            (no cloak)
rCorr   .            (no gloves)
SInv    .            (no boots)
Will    .....        (no amulet) Stlth
                     (no ring)
HPRegen 0.24/turn    (no ring)
MPRegen 0.08/turn

%: no passive effects
@: slowed, very slow
A: no striking features
a: no special abilities


You were on level 2 of the Dungeon.
You visited 1 branch of the dungeon, and saw 2 of its levels.

You collected 55 gold pieces.

Inventory:

Hand Weapons
 a - a +0 war axe (weapon)
Missiles
 k - 4 silver javelins (quivered)
Armour
 b - a +0 scale mail (worn)
 c - a +0 buckler (worn)
Potions
 d - a potion of might
 f - a potion of berserk rage {unknown}
 h - a potion of degeneration {unknown}
 i - a potion of ambrosia {unknown}


   Skills:
 + Level 4.0 Fighting
 + Level 3.1 Axes
 + Level 3.5 Armour
 + Level 3.6 Shields


You had one spell level left.
You didn't know any spells.
Your spell library contained the following spells:

 Spells                   Type           Power      Damage    Failure   Level
 Tukima's Dance           Hex            0%         N/A       99%         3
 Passage of Golubria      Tloc           0%         N/A       100%        4
 Yara's Violent Unravell  Hex/Alch       0%         3d3       100%        5


Dungeon Overview and Level Annotations

Branches:
Dungeon (2/15)

Altars:

Annotations:
D:2 Natasha


Message History

Natasha, Servant of Life and Death comes into view.
Natasha hisses angrily.
Natasha is nearby!
Natasha stares at you and mumbles some strange words.
You feel yourself slow down.
Natasha stares at you and mumbles some strange words.
The magic dart hits you.
Natasha stares at you and mumbles some strange words.
The magic dart hits you!
You barely miss Natasha. Natasha casts a spell at you. The magic dart hits you.
Natasha casts a spell at you. The magic dart hits you.
You are too injured to fight recklessly!
You are too injured to fight recklessly!
Throw: 6 javelins (silver)
Press: ? - help, Q - select action Shift-Dir - straight line, f - Natasha
Aim: Natasha (45% to hit)
You throw a silver javelin.
The silver javelin barely misses Natasha.
Natasha claws you but does no damage. You block Natasha's attack.
Throw: 5 javelins (silver)
Press: ? - help, Q - select action Shift-Dir - straight line, f/p - Natasha
Aim: Natasha (45% to hit)
You throw a silver javelin.
The silver javelin closely misses Natasha.
Natasha claws you. Natasha claws you but does no damage.
You closely miss Natasha.
Natasha stares at you and mumbles some strange words.
The magic dart hits you. Natasha closely misses you.
You barely miss Natasha. You block Natasha's attack.
Natasha stares at you and mumbles some strange words.
The magic dart hits you!
* * * LOW HITPOINT WARNING * * *
You barely miss Natasha. Natasha barely misses you.
Natasha casts a spell at you. The magic dart hits you.
You die...
Natasha begins licking her fur clean.

#.# # #.# # # ## #.# #.
.. #.# #.##. #.# ##....
##.# ##..#.. ####..###
#......#####......(###
(.....h@.............+ .
#...##.#####.##....###..
# #. #.##..#.# ..
#.##.##.# ### #.##.##.#
#.##.##.# #.......#
####.#### #.#


You could see Natasha.

Vanquished Creatures
  A ball python (D:1)
  2 endoplasms (D:1)
  A giant cockroach (D:1)
  2 goblins (D:1)
  A hobgoblin (D:1)
  3 jackals (D:1)
  A kobold (D:1)
  A quokka (D:1)
  3 bats (D:1)
  A frilled lizard (D:1)
  A rat (D:2)
17 creatures vanquished.

Notes
Turn   | Place    | Note
-------+----------+-------------------------------------------
     0 | D:1      | p00ps00p the Hill Orc Fighter began the quest for the Orb.
     0 | D:1      | Reached XP level 1. HP: 19/19 MP: 1/1
   272 | D:1      | Reached XP level 2. HP: 19/27 MP: 2/2
   893 | D:2      | Reached skill level 4 in Fighting
   915 | D:2      | Noticed Natasha
   923 | D:2      | HP: 1/27 [Natasha/magic dart (9)]
   924 | D:2      | Killed from afar by Natasha

Illustrated notes

Levels and vault maps discovered:
D:1:      saegor_arrival_simple_d, layout_loops_cross, minmay_pentomino_t2
D:2:      layout_loops_corners, roderic_roman_lattice, minmay_tall_x,
          uniq_natasha, uniq_crazy_yiuf_cottage

Skill      XL: |  1  2 |
---------------+-------+-----
Axes           | 3 |  3.1
Fighting       | 4 |  4.0
Armour         | |  3.5
Shields        | |  3.6

Action                     || total
---------------------------++-------
  Melee: War axe           ||    44
  Throw: Javelin           ||     2
    Use: Scroll            ||     3
 Armour: Scale mail        ||    42
  Dodge: Dodged            ||    21
  Block: Buckler           ||    11

Table legend: (Time is in decaauts)
 A = Elapsed time spent in this place.
 B = Non-inter-level travel time spent in this place.
 C = Inter-level travel time spent in this place.
 D = Time resting spent in this place.
 E = Time spent auto-exploring this place.
 F = Levels seen in this place.
 G = Mean time per level.
                   A        B        C        D        E       F      G
               +--------+--------+--------+--------+--------+-----+--------+
         Total |    947 |    936 |     11 |      0 |    799 |   2 |  473.5 |
       Dungeon |    947 |    936 |     11 |      0 |    799 |   2 |  473.5 |
               +--------+--------+--------+--------+--------+-----+--------+

Top non-repeatable levels by time:
     D:1: 822 daAuts
     D:2: 125 daAuts
